 Dungeon Crawl Stone Soup version 0.29.0-4-gdea44cf6ec (webtiles) character file.

Game seed: 3307247970549564900

136 qw the Chopper (level 5, -3/30 HPs)
             Began as a Tengu Warper on Aug 29, 2022.
             Slain by Edmund
             ... wielding a +1 flail of protection
              (10 damage)
             ... on level 4 of the Dungeon.
             The game lasted 00:00:20 (3128 turns).

qw the Chopper (Tengu Warper)                       Turns: 3128, Time: 00:00:21

Health: -3/30      AC:  9    Str: 13    XL:     5   Next: 19%
Magic:  9/9        EV: 11    Int: 13    God:
Gold:   149        SH:  0    Dex: 14    Spells: 8/8 levels left

rFire   . . .      SeeInvis .   Y - +0 hand axe (venom)
rCold   . . .      Faith    .   (no shield)
rNeg    . . .      Spirit   .   h - +0 chain mail
rPois   .          Reflect  .   (helmet restricted)
rElec   .          Harm     .   (no cloak)
rCorr   .          Rampage  .   a - +0 pair of gloves
Will    .....                   (boots unavailable)
Stlth   ..........              (no amulet)
HPRegen 0.10/turn               k - +4 ring of evasion
MPRegen 0.11/turn               (no ring)

@: flying quickly and evasively, quick
A: beak, talons 3, nimble flight
a: no special abilities


You were on level 4 of the Dungeon.
You visited 1 branch of the dungeon, and saw 4 of its levels.

You collected 182 gold pieces.
You spent 33 gold pieces at shops.


Innate Abilities, Weirdness & Mutations

You have a beak for a mouth.
You have claws for feet.
Your magical nature lets you fly swiftly and evasively.


   Skills:
 - Level 2.0 Fighting
 + Level 5.4 Axes
 - Level 1.0 Throwing
 - Level 2.0 Armour
 - Level 2.1 Dodging
 - Level 2.0 Spellcasting
 - Level 2.4 Translocations


You had 8 spell levels left.
You didn't know any spells.
Your spell library contained the following spells:

 Spells                   Type           Power      Damage    Failure   Level
 Blink                    Tloc           14%        N/A       99%         2
 Gell's Gravitas          Tloc           7%         N/A       100%        3
 Lesser Beckoning         Tloc           7%         N/A       100%        3
 Teleport Other           Tloc           7%         N/A       100%        3
 Manifold Assault         Tloc           7%         N/A       100%        5

Inventory:

Hand Weapons
 i - a +0 whip
 Y - a +0 hand axe of venom (weapon)
Armour
 a - a +0 pair of gloves (worn)
 h - a +0 chain mail (worn)
Jewellery
 k - a +4 ring of evasion (left hand)
Scrolls
 n - a scroll of identify
Potions
 d - 4 potions of curing
 e - a potion of ambrosia {unknown}
 f - a potion of resistance {unknown}
 g - a potion of lignification {unknown}
 j - a potion of magic {unknown}
 l - a potion of brilliance {unknown}

Dungeon Overview and Level Annotations

Branches:
Dungeon (4/15)
 Temple: D:4-7

Altars:
Zin

Shops:
D:2 !   D:3 *

Annotations:
D:4 Edmund, Menkaure


Message History

Menkaure gestures wildly while chanting.
Menkaure seems to speed up.
Found a book of Touch.
You miss the quokka. You claw the quokka. You peck the quokka.
The quokka is almost dead.
The quokka closely misses you.
You barely miss the quokka. You claw the quokka, but do no damage.
The quokka is almost dead.
You hit Menkaure but do no damage. You hit Edmund but do no damage.
Edmund is poisoned.
Menkaure hits you but does no damage. The quokka closely misses you.
Edmund closely misses you. Menkaure misses you.
You hit the quokka.
You kill the quokka!
You hit Menkaure but do no damage. You hit Edmund but do no damage.
Edmund closely misses you. Menkaure hits you!
You hit Edmund.
Edmund looks as sick as possible!
You claw Edmund. You peck Edmund.
Edmund is lightly wounded.
You hit Menkaure.
Menkaure calls on the powers of darkness!
Your body is wracked with pain!
Edmund convulses!
Edmund hits you with a +1 flail of protection.
You hit Edmund.
Edmund looks as sick as possible!
Your kick misses Edmund.
Edmund is severely wounded.
You hit Menkaure. Menkaure hits you but does no damage.
Edmund says, "You wouldn't believe how much I paid for this flail."
Edmund barely misses you.
You hit Edmund.
Edmund looks as sick as possible!
You claw Edmund.
Edmund is almost dead.
You hit Menkaure. Menkaure barely misses you.
Edmund hits you with a +1 flail of protection.
Menkaure misses you.
You hit Edmund but do no damage. You claw Edmund.
Edmund is almost dead.
You barely miss Menkaure.
Edmund hits you with a +1 flail of protection!
You die...

# #. ##.############
##.......#.....##
:...............######
#....M.........%....#
#.>...@.........###.#
#....@....#########.#
#.........#.......#.#
...........#.8.8.8.#.#
##.........#.......#.#
##........#<......'.#
##.(...#.#)......###
##....###.8.8.8.#
..### #.......#


You could see Edmund (extremely poisoned) and Menkaure (fast).

Vanquished Creatures
  A hound (D:4)
  2 adders (D:2)
  A gnoll (D:2)
  2 dart slugs (D:1)
  2 orcs
  13 bats
  5 endoplasms
  3 giant cockroaches
  6 goblins
  6 hobgoblins
  6 jackals
  2 quokkas
  5 ball pythons
  6 frilled lizards
  4 kobolds
  8 rats
72 creatures vanquished.

Notes
Turn   | Place    | Note
-------+----------+-------------------------------------------
     0 | D:1      | qw the Tengu Warper began the quest for the Orb.
     0 | D:1      | Reached XP level 1. HP: 12/12 MP: 4/4
     0 | D:1      | 0 ||| qw: Version: 0.1-a-89-g26bdef1
     0 | D:1      | 0 ||| qw: Game counter: 3459
     0 | D:1      | 0 ||| qw: Always use a shield: true
     0 | D:1      | 0 ||| qw: God list: Okawaru
     0 | D:1      | 0 ||| qw: Allow faded altars: false
     0 | D:1      | 0 ||| qw: Do Orc after D:15 true
     0 | D:1      | 0 ||| qw: Do second Lair branch before Depths: true
     0 | D:1      | 0 ||| qw: Lair rune preference: random
     0 | D:1      | 0 ||| qw: Plans: Normal
     0 | D:1      | 0 ||| PLANNING D:1-11
   219 | D:1      | Reached skill level 3 in Axes
   219 | D:1      | Reached XP level 2. HP: 17/17 MP: 6/6
   333 | D:1      | 333 ||| Stepping ~*~*~tactically~*~*~ (stealth).
   648 | D:1      | 648 ||| DROPPING +0 club.
   706 | D:1      | Reached XP level 3. HP: 20/21 MP: 7/7
   790 | D:1      | 790 ||| READING scroll labelled RASTEM ZIYME.
   791 | D:1      | 791 ||| READING scroll labelled OFUMIT TUPENI.
   792 | D:1      | 792 ||| DRINKING 5 fuming green potions.
   793 | D:1      | 793 ||| DROPPING scroll of blinking.
   794 | D:1      | 794 ||| Stepping randomly (stuck).
   795 | D:1      | 795 ||| Stepping ~*~*~tactically~*~*~ (cloud).
   796 | D:1      | 796 ||| DRINKING 4 potions of curing.
   796 | D:1      | 796 ||| (to cure poison)
   797 | D:1      | 797 ||| Stepping randomly (stuck).
   798 | D:1      | 798 ||| Stepping ~*~*~tactically~*~*~ (cloud).
   798 | D:1      | HP: 5/21 [poisoned by you (poison gas)]
   799 | D:1      | 799 ||| DRINKING 3 potions of curing.
   799 | D:1      | 799 ||| (to cure poison)
   910 | D:2      | 910 ||| Stepping ~*~*~tactically~*~*~ (stealth).
   911 | D:2      | 911 ||| Stepping ~*~*~tactically~*~*~ (stealth).
   914 | D:2      | Reached skill level 4 in Axes
   914 | D:2      | 914 ||| Stepping ~*~*~tactically~*~*~ (stealth).
   915 | D:2      | 915 ||| Stepping ~*~*~tactically~*~*~ (stealth).
   918 | D:2      | 918 ||| Stepping ~*~*~tactically~*~*~ (stealth).
   920 | D:2      | 920 ||| Stepping ~*~*~tactically~*~*~ (stealth).
   933 | D:2      | 933 ||| Stepping ~*~*~tactically~*~*~ (stealth).
   934 | D:2      | 934 ||| Stepping ~*~*~tactically~*~*~ (stealth).
  1450 | D:2      | Reached XP level 4. HP: 26/26 MP: 8/8
  1534 | D:2      | Found Ivunidd's Distillery.
  1549 | D:2      | 1549 ||| BUYING potion of curing (33 gold).
  1549 | D:2      | Bought a potion of curing for 33 gold pieces
  1549 | D:2      | 1549 ||| SHOPLISTING potion of haste (110 gold, have 37).
  1549 | D:2      | 1549 ||| SHOPLISTING potion of heal wounds (55 gold, have
                  | 37).
  1549 | D:2      | 1549 ||| SHOPLISTING potion of resistance (110 gold, have
                  | 37).
  1986 | D:2      | 1986 ||| UPGRADING to +0 pair of gloves.
  1991 | D:2      | 1991 ||| UPGRADING to +0 ring mail.
  2001 | D:2      | 2001 ||| DROPPING +0 leather armour.
  2002 | D:2      | 2002 ||| UPGRADING to +0 chain mail.
  2012 | D:2      | 2012 ||| DROPPING +0 ring mail.
  2013 | D:2      | 2013 ||| READING scroll labelled IKIOCS SEUTTAC.
  2014 | D:2      | 2014 ||| READING scroll labelled PAJ FEIPHOEFRO.
  2015 | D:2      | 2015 ||| DRINKING 2 silvery potions.
  2016 | D:2      | 2016 ||| DROPPING potion of attraction.
  2038 | D:3      | 2038 ||| STAIRDANCE
  2042 | D:2      | Reached skill level 5 in Axes
  2440 | D:3      | 2440 ||| Stepping ~*~*~tactically~*~*~ (stealth).
  2441 | D:3      | 2441 ||| Stepping ~*~*~tactically~*~*~ (stealth).
  2464 | D:3      | Found a glowing silver altar of Zin.
  2486 | D:3      | 2486 ||| Stepping ~*~*~tactically~*~*~ (stealth).
  2523 | D:3      | Found Poliofaehu's General Store.
  2532 | D:3      | 2532 ||| SHOPLISTING scroll of enchant armour (75 gold,
                  | have 62).
  2532 | D:3      | 2532 ||| SHOPLISTING scroll of enchant weapon (75 gold,
                  | have 62).
  2698 | D:3      | 2698 ||| Stepping ~*~*~tactically~*~*~ (stealth).
  2699 | D:3      | 2699 ||| Stepping ~*~*~tactically~*~*~ (stealth).
  2781 | D:3      | 2781 ||| UPGRADING to +4 ring of evasion.
  2782 | D:3      | 2782 ||| READING scroll labelled SERAFI NEGAGO.
  2783 | D:3      | 2783 ||| READING scroll labelled COENUNG LIREMO.
  2969 | D:4      | Gained mutation: Your magical nature lets you fly swiftly
                  | and evasively. [Tengu growth]
  2969 | D:4      | Reached XP level 5. HP: 15/30 MP: 9/9
  3118 | D:4      | Noticed Menkaure
  3119 | D:4      | Noticed Edmund
  3127 | D:4      | HP: 7/30 [Edmund/+1 flail of protection (1)]
  3128 | D:4      | Slain by Edmund

Levels and vault maps discovered:
D:1:      saegor_arrival_miasma, layout_basic
D:2:      minmay_inner_zag, layout_basic, serial_shops, shop,
          minmay_tetromino_s2
D:3:      layout_loops_cross, lemuel_doored_altar, serial_shops,
          nicolae_shop_temple_entry_statues_fountains
D:4:      layout_rooms, grunt_ministairs_3, uniq_menkaure, uniq_edmund

Skill      XL: |  1  2  3  4 |
---------------+-------------+-----
Axes           | 3 4 5 |  5.4
Armour         | 2 |  2.0
Fighting       | |  2.0
Throwing       | |  1.0
Dodging        | |  2.1
Spellcasting   | |  2.0
Translocations | |  2.4

Action                   |  1- 3 |  4- 6 || total
-------------------------+-------+-------++-------
Melee: Hand axe          |    80 |    80 ||   160
       Kick              |    18 |    24 ||    42
       Peck              |    11 |    18 ||    29
       Punch             |       |     2 ||     2
Throw: Boomerang         |     7 |       ||     7
  Use: Potion            |     3 |     1 ||     4
       Scroll            |     2 |     4 ||     6
 Stab: Sleeping          |     1 |       ||     1
Armor: Leather armour    |    27 |     7 ||    34
       Chain mail        |       |    28 ||    28
Dodge: Dodged            |    51 |    41 ||    92

Table legend:
 A = Non-vault XP
 B = Vault XP
 C = Vault XP percentage of total XP
 D = Non-vault monster count
 E = Vault monster count
 F = Vault count percentage of total count
                 A         B        C        D         E       F
            +---------+---------+-------+---------+---------+-------
      Total |     167 |      28 |  14.4 |      63 |       9 |  12.5
            +---------+---------+-------+---------+---------+-------
        D:1 |      42 |       0 |   0.0 |      23 |       0 |   0.0
        D:2 |      48 |      25 |  34.2 |      17 |       8 |  32.0
        D:3 |      33 |       0 |   0.0 |      21 |       0 |   0.0
        D:4 |      44 |       3 |   6.4 |       2 |       1 |  33.3
            +---------+---------+-------+---------+---------+-------
